 Dungeon Crawl Stone Soup version 0.27-a0-577-ge2a43ba0c9 (webtiles) character file.

Game seed: 6682878052675326913

21 porpoise the Skirmisher (level 2, 0/26 HPs)
             Began as a Minotaur Wanderer on Mar 10, 2021.
             Slain by a leopard gecko (4 damage)
             ... on level 1 of the Dungeon.
             The game lasted 00:01:47 (857 turns).

porpoise the Skirmisher (Minotaur Wanderer)          Turns: 857, Time: 00:01:48

Health: 0/26       AC:  2    Str: 16    XL:     2   Next: 65%
Magic:  2/2        EV: 11    Int:  8    God:
Gold:   63         SH:  0    Dex: 10    Spells: 3/3 levels left

rFire    . . .     SeeInvis .   a - +0 mace
rCold    . . .     Faith    .   (no shield)
rNeg     . . .     Spirit   .   d - +0 robe
rPois    .         Reflect  .   (helmet restricted)
rElec    .         Harm     .   (no cloak)
rCorr    .         Rampage  .   (no gloves)
Will     .....                  (no boots)
Stlth    +.........             (no amulet)
HPRegen  0.08/turn              (no ring)
MPRegen  0.08/turn              (no ring)

@: no status effects
A: horns 2, retaliatory headbutt
a: no special abilities


You were on level 1 of the Dungeon.
You visited 1 branch of the dungeon, and saw 1 of its levels.

You collected 63 gold pieces.

Inventory:

Hand Weapons
 a - a +0 mace (weapon)
Missiles
 b - 40 sling bullets
 e - 15 stones (quivered)
Armour
 d - a +0 robe (worn)
Scrolls
 f - a scroll of teleportation {unknown}
 g - a scroll of enchant weapon {unknown}
 h - a scroll of magic mapping {unknown}
Potions
 c - a potion of berserk rage {unknown}
 i - 2 potions of curing {unknown}
 j - a potion of might {unknown}


   Skills:
 + Level 3.3 Fighting
 + Level 2.5 Maces & Flails
 - Level 2.0 Throwing
 - Level 1.0 Spellcasting
 - Level 1.0 Fire Magic
 - Level 2.1 Poison Magic


You had 3 spell levels left.
You didn't know any spells.
Your spell library contained the following spells:

 Spells                   Type           Power      Damage    Failure   Level
 Freeze                   Ice            0%         1d3       36%         1
 Magic Dart               Conj           0%         1d3       36%         1
 Blink                    Tloc           N/A        N/A       52%         2
 Call Imp                 Summ           0%         N/A       52%         2
 Slow                     Hex            0%         N/A       52%         2
 Mephitic Cloud           Conj/Pois/Air  1%         N/A       65%         3
 Conjure Flame            Conj/Fire      1%         6-21      67%         3
 Frozen Ramparts          Ice            0%         1d2       75%         3


Dungeon Overview and Level Annotations

Branches:
Dungeon (1/15)

Altars:


Innate Abilities, Weirdness & Mutations

You have a pair of horns on your head.
You reflexively headbutt those who attack you in melee.


Message History

You hit the jackal.
You kill the jackal!
The jackal bites you.
You closely miss the jackal. The jackal bites you.
The jackal barely misses you.
You completely miss the jackal. The jackal bites you. x2
You are too injured to fight recklessly!
You are too injured to fight recklessly!
You are too injured to fight recklessly!
You are too injured to fight recklessly!
You closely miss the jackal. The jackal barely misses you.
You barely miss the jackal.
The jackal bites you but does no damage.
The jackal bites you.
You hit the jackal.
The jackal is moderately wounded.
The jackal bites you. x2
You closely miss the jackal.
The jackal is moderately wounded.
The jackal closely misses you. You furiously retaliate!
You headbutt the jackal.
You kill the jackal!
You thump the goblin!
You kill the goblin!
The goblin barely misses you. You furiously retaliate!
You headbutt the goblin.
You kill the goblin!
The leopard gecko closely misses you. The jackal closely misses you.
There is an open door here.
Things that are here:
a +0 dagger; a jackal corpse The leopard gecko barely misses you.
You barely miss the leopard gecko. You headbutt the leopard gecko.
The leopard gecko is moderately wounded.
The leopard gecko barely misses you.
You barely miss the leopard gecko.
The leopard gecko is moderately wounded.
The leopard gecko bites you.
* * * LOW HITPOINT WARNING * * *
The leopard gecko bites you.
You die...

###.## #.####.#..# #.#
#..# ##'##......# #.#
##.#####...#####.##
#.# #.'.'.'.<.'.+.'.#
#.#
#.#####...#####.####.#
#....###'##.......##.#
####.# #.#...####.##.#
.##'#.# #.##.# ##@#
#.##.# #l# #....#
#.h..# ###### #......#
#......... .......###
#.......# #.......#
#.......#


You could see a leopard gecko and a jackal.

Vanquished Creatures
  A dart slug (D:1)
  2 giant cockroaches (D:1)
  3 goblins (D:1)
  2 hobgoblins (D:1)
  3 jackals (D:1)
  A bat (D:1)
  A frilled lizard (D:1)
  3 kobolds (D:1)
  2 rats (D:1)
18 creatures vanquished.

Notes
Turn   | Place    | Note
-------+----------+-------------------------------------------
     0 | D:1      | porpoise the Minotaur Wanderer began the quest for the Orb.
     0 | D:1      | porpoise set off with the following items: a +0 mace, a +0
                  | robe; and the following spells available to memorise:
                  | Freeze, Magic Dart, Blink, Call Imp, Slow, Mephitic Cloud,
                  | Conjure Flame, Frozen Ramparts
     0 | D:1      | Reached XP level 1. HP: 18/18 MP: 1/1
   327 | D:1      | Reached XP level 2. HP: 20/25 MP: 2/2
   443 | D:1      | Reached skill level 3 in Fighting
   857 | D:1      | Slain by a leopard gecko

Illustrated notes

Levels and vault maps discovered:
D:1:      minmay_arrival_doors, layout_basic

Skill      XL: |  1  2 |
---------------+-------+-----
Maces & Flails | 2 |  2.5
Fighting       | 3 |  3.3
Throwing       | |  2.0
Spellcasting   | |  1.0
Fire Magic     | |  1.0
Poison Magic   | |  2.1

Action                   || total
-------------------------++-------
Melee: Mace              ||    43
       Headbutt          ||     4
Armor: Robe              ||     5
Dodge: Dodged            ||    24

Table legend: (Time is in decaauts)
 A = Elapsed time spent in this place.
 B = Non-inter-level travel time spent in this place.
 C = Inter-level travel time spent in this place.
 D = Time resting spent in this place.
 E = Time spent auto-exploring this place.
 F = Levels seen in this place.
 G = Mean time per level.
                   A        B        C        D        E       F      G
               +--------+--------+--------+--------+--------+-----+--------+
         Total |    869 |    869 |      0 |    343 |    391 |   1 |  869.0 |
       Dungeon |    869 |    869 |      0 |    343 |    391 |   1 |  869.0 |
               +--------+--------+--------+--------+--------+-----+--------+

Top non-repeatable levels by time:
     D:1: 869 daAuts
